AoeStats
← UMP master

Runestones

508314679Analyzed
1v1 RM · 9d ago on Sep 21, 2026· 35m 32s· 2 players
Game mode
Random Map
Map size
Tiny (2 player)
Population
200
Speed
Normal
Resources
Standard
Victory
Conquest
Starting age
Dark Age
Ending age
Imperial Age
RankedLock teamsTeams togetherTeam positionsShared explorationLock speedFull tech treeHidden civsTurbo modeCheats
Victory
Defeat
🇪🇸 Persians · Spain
1338
+15
🇺🇸 Armenians · United States
1318
-15
ButtSnorkel6817
7:05 Loom
9:19 Feudal Age
9:23 Man-at-Arms
10:58 Double-Bit Axe
12:43 Long Swordsman
13:36 Arson
17:22 Wheelbarrow
21:36 Castle Age
20:04 Gold Mining
20:40 Scale Mail Armor
20:51 Forging
20:41 Horse Collar
22:40 Squires
22:15 Two-Handed Swordsman
25:20 Wheelbarrow
25:49 Chain Mail Armor
25:32 Gambesons
27:32 Iron Casting
28:30 Champion
UMP master
9:31 Feudal Age
8:59 Loom
14:28 Castle Age
18:45 Double-Bit Axe
21:10 Bow Saw
20:44 Horse Collar
23:30 Town Watch
25:25 Bloodlines
27:31 Wheelbarrow
28:59 Scale Barding Armor
29:32 Forging
30:03 Chain Barding Armor
32:34 Heavy Plow
32:56 Fletching
36:20 Imperial Age
Connection lost

Rejoining the realm…

Still unreachable

The connection could not be restored.

Session expired

The server has moved on; the page needs a fresh start.